 Dungeon Crawl Stone Soup version 0.27.1-35-g4d5d836560 (webtiles) character file.

Game seed: 10434538723379656720

32 Delamore the Sneak (level 3, 0/24 HPs)
             Began as an Octopode Brigand on May 20, 2022.
             Succumbed to an adder's poison
             ... on level 3 of the Dungeon.
             The game lasted 00:00:52 (977 turns).

Delamore the Sneak (Octopode Brigand)                Turns: 977, Time: 00:00:52

Health: 0/24       AC:  1    Str: 10    XL:     3   Next: 25%
Magic:  3/3        EV: 12    Int: 13    God:
Gold:   32         SH:  0    Dex: 14    Spells: 2/2 levels left

rFire    . . .     SeeInvis .   a - +2 dagger
rCold    . . .     Faith    .   (no shield)
rNeg     . . .     Spirit   .   (helmet restricted)
rPois    .         Reflect  .   (no amulet)
rElec    .         Harm     .   (no ring)
rCorr    .         Rampage  .   (no ring)
Will     .....                  (no ring)
Stlth    ++++......             (no ring)
HPRegen  0.08/turn              (no ring)
MPRegen  0.08/turn              (no ring)
                                (no ring)
                                (no ring)

@: lethally poisoned (0 -> -2)
A: almost no armour, amphibious, 8 rings, camouflage 1, gelatinous body 1,
(nimble swimmer 1), tentacles
a: no special abilities


You were on level 3 of the Dungeon.
You visited 1 branch of the dungeon, and saw 3 of its levels.

You collected 32 gold pieces.

Inventory:

Hand Weapons
 a - a +2 dagger (weapon)
Missiles
 b - 8 poisoned darts (quivered)
 c - 2 curare-tipped darts
 f - 5 boomerangs
Jewellery
 i - a ring of ice
Scrolls
 e - a scroll of blinking {unknown}
 h - a scroll of amnesia {unknown}
Potions
 d - a potion of invisibility


   Skills:
 - Level 2.0 Fighting
 * Level 3.1 Short Blades
 + Level 2.5 Throwing
 - Level 1.0 Dodging
 - Level 5.3 Stealth


You had 2 spell levels left.
You didn't know any spells.
Your spell library was empty.

Dungeon Overview and Level Annotations

Branches:
Dungeon (3/15)

Altars:

Annotations:
D:2 Terence


Innate Abilities, Weirdness & Mutations

You cannot wear most types of armour.
You are amphibious.
You can wear up to eight rings at the same time.
Your skin changes colour to match your surroundings (Stealth+).
Your rubbery body absorbs attacks. (AC +1, EV +1)
((You are camouflaged near water. (Stealth+)))
You have tentacles for arms and can constrict up to eight enemies at once.


Message History

You miss the adder. Your grab misses the adder. The adder closely misses you.
You hit the adder. You grab the adder.
The adder is lightly wounded.
You constrict the adder, but do no damage.
The adder bites you.
You hit the adder.
The adder is moderately wounded.
You constrict the adder. The adder bites you but does no damage.
You barely miss the adder.
The adder is heavily wounded.
You constrict the adder, but do no damage.
The adder bites you. The dart slug bites you.
You are too injured to fight recklessly!
You are too injured to fight recklessly!
There are monsters nearby!
There are monsters nearby!
Okay, then.
You release your grip on the adder.
The adder closely misses you. The adder barely misses you.
There is a stone staircase leading down here.
The adder bites you.
You are poisoned.
The adder poisons you!
You climb downwards.
Reactivating autopickup.
You feel sick.
There is a stone staircase leading up here.
You hit the adder but do no damage. You grab the adder.
The adder is heavily wounded.
You constrict the adder.
You feel sick. The adder bites you.
* * * LOW HITPOINT WARNING * * *
It was a potion of magic.
Magic courses through your body.
You constrict the adder.
* * * LOW HITPOINT WARNING * * *
You feel sick. The adder barely misses you.
You hit the adder.
The adder is severely wounded.
You constrict the adder.
You kill the adder!
You die...

..###. .......
......##.......
..............#
..............#
..............#
...............
............r.#
.......@.......
......#†#######
##### #.. ####


You could see a rat.

Vanquished Creatures
  An adder (D:3)
  3 dart slugs
  2 endoplasms
  2 goblins (D:1)
  A hobgoblin (D:1)
  2 kobolds (D:1)
  4 ball pythons (D:1)
  6 bats
  A frilled lizard (D:1)
  6 rats
28 creatures vanquished.

Notes
Turn   | Place    | Note
-------+----------+-------------------------------------------
     0 | D:1      | Delamore the Octopode Brigand began the quest for the Orb.
     0 | D:1      | Reached XP level 1. HP: 14/14 MP: 1/1
   118 | D:1      | Reached XP level 2. HP: 18/19 MP: 2/2
   635 | D:1      | Found a faded altar of an unknown god.
   759 | D:1      | Reached XP level 3. HP: 24/24 MP: 3/3
   960 | D:2      | Noticed Terence
   976 | D:3      | HP: 1/24 [poisoned by an adder]
   977 | D:3      | Succumbed to an adder's poison

Illustrated notes

Levels and vault maps discovered:
D:1:      scummos_arrival_checkerplants, layout_basic, basic_ecumenical_altar
D:2:      layout_basic, st_stairs_8, uniq_terence, uniq_natasha, uniq_robin
D:3:      layout_basic, mainiacjoe_overflow_concentric_impassable,
          mainiacjoe_overflow_big_doors, gammafunk_ghost_stat_death,
          minmay_misc_feat_hallway, minmay_misc_feat_nine_boxes,
          lemuel_another_geyser

Skill      XL: |  1  2 |
---------------+-------+-----
Short Blades   | 3 |  3.1
Fighting       | |  2.0
Throwing       | |  2.5
Dodging        | |  1.0
Stealth        | |  5.3

Action                   || total
-------------------------++-------
Melee: Dagger            ||    44
       Tentacles         ||     7
       Constrict         ||     8
  Use: Potion            ||     1
 Stab: Sleeping          ||    16
Armor: Skin              ||     3
Dodge: Dodged            ||    14
